 Dungeon Crawl Stone Soup version 0.17-a0-1617-gfba1302 (webtiles) character file.

193 mrath the Grave Robber (level 5, -1/37 HPs)
             Began as a Mummy Necromancer on Aug 1, 2015.
             Slain by a wight
             ... wielding a +1 trident
              (6 damage)
             ... on level 3 of the Dungeon.
             The game lasted 00:35:45 (4796 turns).

mrath the Grave Robber (Mummy Necromancer)          Turns: 4796, Time: 00:35:45

Health: -1/37      AC:  2    Str: 11    XL:     5   Next: 43%
Magic:  4/10       EV: 12    Int: 15    God:
Gold:   131        SH:  0    Dex: 13    Spells: 4 memorised, 2 levels left

rFire  x . .     SeeInvis .     f - +2 whip (venom)
rCold  + . .     Clarity  .     a - +0 robe
rNeg   + + +     SustAt   .     (no shield)
rPois  ∞         Gourm    .     d - +0 hat
rElec  .         Spirit   .     (no cloak)
rCorr  .         Warding  .     (no gloves)
rMut   .         Stasis   .     (no boots)
MR     .....                    (no amulet)
Stlth  ++........               (no ring)
                                (no ring)

@: about to teleport, very slightly contaminated, not resistant to hostile
enchantments, unstealthy
A: no food or potions, fire vulnerability, cold resistance 1, negative energy
resistance 3, torment resistance, unbreathing
a: no special abilities


You were on level 3 of the Dungeon.
You were not hungry.

You visited 1 branch of the dungeon, and saw 3 of its levels.

You collected 131 gold pieces.

Inventory:

Hand weapons
 f - a +2 whip of venom (weapon)
 h - a +2 short sword of flaming
 l - a +2 short sword of venom
 m - a +1 spear of flaming
 p - a +3 spear
Missiles
 e - 14 sling bullets of frost
 i - 33 stones (quivered)
 q - 2 tomahawks
Armour
 a - a +0 robe (worn)
 d - a +0 hat (worn)
 n - a +0 helmet
Scrolls
 c - a scroll of enchant armour {unknown}
 g - a scroll of fear {unknown}
 k - 2 scrolls of fog {unknown}
 o - a scroll of identify {unknown}
 r - a scroll of remove curse
Books
 b - a book of Necromancy

   Spells                             Type                      Level
   a - Pain                           Necromancy                   1
   b - Animate Skeleton               Necromancy                   1
   c - Vampiric Draining              Necromancy                   3
   d - Regeneration                   Charms/Necromancy            3
   e - Animate Dead                   Necromancy                   4
   f - Control Undead                 Necromancy                   4


   Skills:
 - Level 1.0 Fighting
 - Level 0.2 Short Blades
 - Level 0.2 Maces & Flails
 + Level 2.4 Dodging
 - Level 1.6 Stealth
 * Level 3.5 Spellcasting
 + Level 5.0 Necromancy


You had 2 spell levels left.
You knew the following spells:

 Your Spells              Type           Power        Failure   Level  Hunger
a - Pain                  Necr           ###.         2%          1    N/A
b - Animate Skeleton      Necr           N/A          2%          1    N/A
c - Vampiric Draining     Necr           ###.......   10%         3    N/A
d - Control Undead        Necr           ###.......   28%         4    N/A

Dungeon Overview and Level Annotations

Branches:
Dungeon (3/15)

Altars:
Ru


Innate Abilities, Weirdness & Mutations

You do not eat or drink.
Your flesh is vulnerable to fire.
You are immune to poison.
Your flesh is cold resistant.
You are immune to negative energy.
You are immune to unholy pain and torment.
You can survive without breathing.


Message History

The wight is moderately damaged.
The wight closely misses you.
You hit the wight.
The wight is moderately damaged.
You closely miss the wight.
The wight is moderately damaged.
The wight barely misses you.
You hit the wight but do no damage.
The wight is moderately damaged.
The wight hits you with an enchanted trident!
* * * LOW HITPOINT WARNING * * *
You barely miss the wight.
The wight is moderately damaged.
The wight hits you with an enchanted trident.
* * * LOW HITPOINT WARNING * * *
Read which item? (? for menu, Esc to quit)
As you read the scroll of teleportation, it crumbles to dust.
You feel strangely unstable. The wight barely misses you.
The wight hits you from afar with an enchanted trident.
You die...

####....######..# #
#....#### ##.##### #
###########)####
#.....### ...#........#
##....... .....########
#########÷##.### ....##
#..)[.....##.# ...##
#..#########.>##
[#######
##########[..##### ##..#
.......#
#.....[@)zz......#####.#
.......#
##...########...........
.......#
###.[..#######.........
.......#
####.#.......#######.
<......# #...#######
#.... .......#
##..####### #.##.
.......# ##.........#
##.##. .......#
###......###.###..##.
.......#
###.........##.....####


You could see 2 wights.

Vanquished Creatures
  2 wights (D:3)
  5 gnolls (D:2)
  3 adders (D:2)
  An ooze (D:2)
  A worm (D:2)
  2 giant geckos
  8 orcs
  A ball python (D:2)
  3 giant cockroaches (D:1)
  7 hobgoblins
  4 jackals (D:3)
  9 kobolds
  2 quokkas (D:2)
  8 bats
  5 giant newts
  3 goblins
  6 rats
70 creatures vanquished.

Vanquished Creatures (collateral kills)
  A wight (D:3)
  A gnoll (D:2)
  A giant gecko (D:3)
  An orc (D:3)
  3 hobgoblins
  A kobold (D:3)
  A giant newt (D:3)
  A goblin (D:2)
  A rat (D:1)
11 creatures vanquished.

Grand Total: 81 creatures vanquished

Notes
Turn   | Place    | Note
--------------------------------------------------------------
     0 | D:1      | mrath the Mummy Necromancer began the quest for the Orb.
     0 | D:1      | Reached XP level 1. HP: 13/13 MP: 3/3
     5 | D:1      | Learned a level 1 spell: Animate Skeleton
   265 | D:1      | Reached XP level 2. HP: 19/19 MP: 5/5
  1448 | D:2      | Found a sacrificial altar of Ru.
  1559 | D:2      | Reached XP level 3. HP: 25/25 MP: 4/6
  1564 | D:2      | Learned a level 3 spell: Vampiric Draining
  2566 | D:2      | Reached XP level 4. HP: 24/31 MP: 8/8
  2788 | D:2      | Reached skill level 1 in Fighting
  3991 | D:3      | Reached XP level 5. HP: 35/37 MP: 9/9
  4134 | D:3      | Reached skill level 5 in Necromancy
  4467 | D:2      | Learned a level 4 spell: Control Undead
  4796 | D:3      | Slain by a wight

Vault maps used:
D:1:      mrwooster_arrival_statue
D:2:      minmay_door_square, minmay_misc_feat_chi, hangedman_ru_absence

Action                   |  1- 3 |  4- 6 || total
-------------------------+-------+-------++-------
Melee: Short sword       |    45 |       ||    45
       Whip              |    24 |    69 ||    93
 Cast: Pain              |    31 |    34 ||    65
       Animate Skeleton  |    15 |    13 ||    28
       Vampiric Draining |       |     3 ||     3
       Control Undead    |       |     3 ||     3
  Use: Scroll            |     1 |     2 ||     3
 Stab: Sleeping          |     1 |       ||     1
